[ AOE2 MATCH · #508124565 ]
UnrankedMongols vs Spanish
Player's team · WIN
Rival team · LOSS
[ REPLAY ANALYSIS · EXTRACTED FROM THE RECORDED GAME ]
Feudal
9:16
Castle
—
Imperial
—
| APM avg | 53.4 |
| APM peak | 98 |
| eAPM avg | 29.6 |
| Villagers / military | 48 / 23 |
Focus
⚔️ 41.0% · 🌾 59.0%
Archer ×20 · Militia ×3
Feudal
8:26
Castle
—
Imperial
—
| APM avg | 52.2 |
| APM peak | 102 |
| eAPM avg | 28.9 |
| Villagers / military | 32 / 1 |
Focus
⚔️ 32.8% · 🌾 67.2%
Scout Cavalry ×1
Match map
Initial resources + every placement click. Lines = walls · curves = elevation contours. ◆ gold · ⬟ stone · ● berries · ✦ relic · ◌ wall gap
Your base· Open — unwalled flank
TeKarino's base· Open — unwalled flank
Smoothed initial terrain · ◌ = detected wall gap · hover for details
Inputs per minute
— J40 | Odiseo - - TeKarino
Build order — J40 | Odiseo
125 actions detected in the replay
| 0:01 | Queue | Villager (Male) |
| 0:01 | Queue | Villager (Male) |
| 0:01 | Queue | Villager (Male) |
| 0:02 | Build | House |
| 0:03 | Build | House |
| 0:37 | Queue | Villager (Male) |
| 1:25 | Queue | Villager (Male) |
| 1:25 | Queue | Villager (Male) |
| 2:03 | Queue | Villager (Male) |
| 2:04 | Queue | Villager (Male) |
| 2:18 | Queue | Villager (Male) |
| 2:18 | Queue | Villager (Male) |
| 2:28 | Build | Lumber Camp |
| 2:44 | Queue | Villager (Male) |
| 3:05 | Queue | Villager (Male) |
| 3:06 | Queue | Villager (Male) |
| 3:41 | Queue | Villager (Male) |
| 3:41 | Queue | Villager (Male) |
| 3:51 | Queue | Villager (Male) |
| 3:51 | Queue | Villager (Male) |
| 4:07 | Build | House |
| 5:09 | Build | House |
| 5:15 | Queue | Villager (Male) |
| 5:46 | Build | Barracks |
| 5:48 | Queue | Villager (Male) |
| 6:05 | Queue | Villager (Male) |
| 6:06 | Research | Loom |
| 6:50 | Research | Feudal Age |
| 7:06 | Build | Mining Camp |
| 7:16 | Queue | Militia |
| 7:17 | Queue | Militia |
| 7:40 | Build | Mill |
| 7:41 | Queue | Militia |
| 8:14 | Build | Mill |
| 8:20 | Queue | Villager (Male) |
| 8:41 | Build | House |
| 8:58 | Build | Farm |
| 8:59 | Build | Farm |
| 9:16 | Age | Feudal Age |
| 9:32 | Queue | Villager (Male) |
| 9:33 | Queue | Villager (Male) |
| 9:58 | Research | Man-at-Arms (upgrade) |
| 10:16 | Build | Farm |
| 10:18 | Build | Archery Range |
| 10:29 | Queue | Villager (Male) |
| 10:30 | Queue | Villager (Male) |
| 10:38 | Build | Farm |
| 10:44 | Queue | Villager (Male) |
| 10:49 | Queue | Villager (Male) |
| 11:03 | Build | House |
| 11:07 | Queue | Villager (Male) |
| 11:17 | Queue | Archer |
| 11:17 | Queue | Archer |
| 11:27 | Queue | Villager (Male) |
| 11:44 | Build | House |
| 11:55 | Queue | Villager (Male) |
| 12:12 | Build | House |
| 12:13 | Queue | Archer |
| 12:24 | Build | Blacksmith |
| 12:31 | Queue | Archer |
| 12:31 | Queue | Archer |
| 12:54 | Build | Palisade Gate |
| 13:00 | Queue | Villager (Male) |
| 13:02 | Research | Double-Bit Axe |
| 13:02 | Research | Double-Bit Axe |
| 13:08 | Build | House |
| 13:28 | Queue | Archer |
| 13:28 | Queue | Archer |
| 13:32 | Queue | Villager (Male) |
| 13:35 | Build | Farm |
| 13:52 | Build | House |
| 13:59 | Queue | Villager (Male) |
| 13:59 | Queue | Villager (Male) |
| 14:17 | Build | Blacksmith |
| 14:22 | Queue | Archer |
| 14:31 | Build | Palisade Wall |
| 14:37 | Queue | Archer |
| 14:41 | Queue | Villager (Male) |
| 14:44 | Build | House |
| 14:51 | Build | Farm |
| 14:58 | Research | Fletching |
| 14:58 | Research | Fletching |
| 15:01 | Build | Farm |
| 15:02 | Queue | Villager (Male) |
| 15:19 | Build | Farm |
| 15:23 | Build | House |
| 15:26 | Build | Palisade Wall |
| 15:29 | Queue | Villager (Male) |
| 15:40 | Build | Farm |
| 15:51 | Queue | Archer |
| 15:58 | Queue | Villager (Male) |
| 16:04 | Build | House |
| 16:05 | Build | Palisade Wall |
| 16:33 | Queue | Archer |
| 16:33 | Queue | Archer |
| 16:41 | Queue | Villager (Male) |
| 16:52 | Build | Watch Tower |
| 16:58 | Queue | Villager (Male) |
| 17:04 | Build | Lumber Camp |
| 17:06 | Build | Farm |
| 17:08 | Build | Farm |
| 17:12 | Queue | Archer |
| 17:12 | Queue | Archer |
| 17:18 | Queue | Villager (Male) |
| 17:22 | Queue | Archer |
| 17:22 | Queue | Archer |
| 17:36 | Queue | Villager (Male) |
| 17:44 | Build | Farm |
| 17:51 | Build | Farm |
| 17:52 | Build | Farm |
| 17:53 | Queue | Villager (Male) |
| 17:54 | Queue | Archer |
| 17:54 | Queue | Archer |
| 18:12 | Build | Market |
| 18:27 | Queue | Villager (Male) |
| 18:34 | Build | Market |
| 18:38 | Build | House |
| 18:42 | Queue | Villager (Male) |
| 18:50 | Build | House |
| 18:52 | Build | House |
| 18:53 | Queue | Villager (Male) |
| 18:53 | Queue | Villager (Male) |
| 18:53 | Queue | Villager (Male) |
| 19:06 | Queue | Archer |
| 19:07 | Queue | Archer |
Build order — TeKarino
75 actions detected in the replay
| 0:01 | Queue | Villager (Male) |
| 0:03 | Build | House |
| 0:05 | Build | House |
| 0:09 | Queue | Villager (Male) |
| 0:24 | Queue | Villager (Male) |
| 0:27 | Queue | Villager (Male) |
| 1:31 | Queue | Villager (Male) |
| 1:53 | Build | Mill |
| 1:58 | Queue | Villager (Male) |
| 2:27 | Queue | Villager (Male) |
| 2:47 | Queue | Villager (Male) |
| 2:47 | Queue | Villager (Male) |
| 3:14 | Queue | Villager (Male) |
| 3:15 | Queue | Villager (Male) |
| 3:41 | Queue | Villager (Male) |
| 3:53 | Build | House |
| 4:05 | Queue | Villager (Male) |
| 4:43 | Queue | Villager (Male) |
| 5:08 | Queue | Villager (Male) |
| 5:32 | Queue | Villager (Male) |
| 5:39 | Build | Lumber Camp |
| 5:47 | Research | Loom |
| 6:14 | Research | Feudal Age |
| 7:46 | Build | Barracks |
| 7:49 | Build | Palisade Wall |
| 7:59 | Queue | Villager (Male) |
| 8:05 | Build | Palisade Wall |
| 8:06 | Build | Palisade Wall |
| 8:26 | Age | Feudal Age |
| 8:30 | Queue | Villager (Male) |
| 8:49 | Queue | Villager (Male) |
| 8:59 | Build | Stable |
| 9:07 | Queue | Villager (Male) |
| 9:22 | Build | House |
| 9:24 | Build | House |
| 9:30 | Build | Palisade Wall |
| 9:32 | Queue | Villager (Male) |
| 9:49 | Queue | Scout Cavalry |
| 10:04 | Queue | Villager (Male) |
| 10:12 | Queue | Villager (Male) |
| 10:13 | Queue | Villager (Male) |
| 10:23 | Build | House |
| 10:24 | Build | Palisade Wall |
| 11:00 | Queue | Villager (Male) |
| 11:06 | Build | Mining Camp |
| 11:18 | Queue | Villager (Male) |
| 11:20 | Build | House |
| 12:20 | Build | Watch Tower |
| 12:59 | Build | House |
| 13:22 | Build | Watch Tower |
| 13:26 | Build | House |
| 13:29 | Build | Lumber Camp |
| 14:00 | Build | Farm |
| 14:01 | Build | Farm |
| 14:10 | Build | Watch Tower |
| 14:14 | Build | Farm |
| 14:36 | Build | Farm |
| 15:22 | Build | Watch Tower |
| 15:24 | Queue | Villager (Male) |
| 15:24 | Queue | Villager (Male) |
| 15:53 | Build | Watch Tower |
| 15:57 | Build | Farm |
| 16:04 | Queue | Villager (Male) |
| 16:46 | Build | Watch Tower |
| 16:57 | Queue | Villager (Male) |
| 16:58 | Queue | Villager (Male) |
| 17:36 | Build | Watch Tower |
| 17:45 | Build | Palisade Wall |
| 18:05 | Build | House |
| 18:08 | Build | House |
| 18:28 | Build | Lumber Camp |
| 18:35 | Queue | Villager (Male) |
| 18:39 | Build | Watch Tower |
| 18:51 | Build | Palisade Wall |
| 19:01 | Build | Farm |
Match timeline
| 5:46 | J40 | Odiseo · first_building Barracks |
| 7:46 | TeKarino · first_building Barracks |
| 7:49 | TeKarino · wall_segment Palisade Wall x3 |
| 8:05 | TeKarino · wall_segment Palisade Wall x13 |
| 8:06 | TeKarino · wall_segment Palisade Wall x4 |
| 8:26 | TeKarino · age_up feudal |
| 8:59 | TeKarino · first_building Stable |
| 9:16 | J40 | Odiseo · age_up feudal |
| 9:30 | TeKarino · wall_segment Palisade Wall x1 |
| 10:18 | J40 | Odiseo · first_building Archery Range |
| 10:24 | TeKarino · wall_segment Palisade Wall x1 |
| 14:31 | J40 | Odiseo · wall_segment Palisade Wall x1 |
| 15:26 | J40 | Odiseo · wall_segment Palisade Wall x5 |
| 16:05 | J40 | Odiseo · wall_segment Palisade Wall x9 |
| 17:45 | TeKarino · wall_segment Palisade Wall x13 |
| 18:51 | TeKarino · wall_segment Palisade Wall x1 |
| 19:31 | TeKarino · resign |
[ AI ANALYSIS · 1 CREDIT ]
What really happened in this match?
Wolo.gg analyzes every decision: build order, eco, micro, common mistakes by bracket. Personalized analysis on WhatsApp or Discord in 30 seconds.
Civ guide
Mongols
Perfil
J40 | Berto